Monarchs vs Thunder
Created - November 7, 2019 at 19:48
Goals
|
| Monarchs |
1 |
0 |
1 |
2 |
| Thunder |
3 |
1 |
2 |
6 |
|
Shots
|
| Monarchs |
14 |
13 |
9 |
36 |
| Thunder |
14 |
11 |
9 |
34 |
|
1st period
1. Thunder , Jamie McGinn 2 (Zach Stepan 1) at 1:33
2. Thunder , Jamie McGinn 3 (Zach Stepan 2, Mikko Vainonen 1) at 4:51
3. Thunder , Jamie McGinn 4 (Zach Stepan 3, Gianluca Curcuruto 1) at 8:56
4. Monarchs , Aleksander Barkov 10 (Mark Stone 8, Damon Severson 1) at 15:25 (PP)
Penalties :
Mikko Vainonen (TRO) for Interference (Minor) at 14:53
2nd period
5. Thunder , Eric Fehr 5 (Joey Ryan 1, Peter Andersson 4) at 18:15
Penalties :
Aleksander Barkov (MAN) for Slashing (Minor) at 0:03, Mikko Vainonen (TRO) for Tripping (Minor) at 18:37
3rd period
6. Thunder , Dany Roussin 6 (Eric Fehr 11, William Karlsson 9) at 3:55
7. Monarchs , Nikolaj Ehlers 1 (Seth Helgeson 2) at 10:47
8. Thunder , Jamie McGinn 5 (Mikko Vainonen 2, Austin Poganski 1) at 13:05
Penalties :
Derek Forbort (TRO) for Hooking (Minor) at 4:56, Nikolaj Ehlers (MAN) for Hooking (Minor) at 8:28
Goalie Stats
Alex Nedeljkovic (MAN), 28 saves from 34 shots - (0.824), L, 1-3-1, 60:00 minutes
Niklas Treutle (TRO), 34 saves from 36 shots - (0.944), W, 2-4-0, 60:00 minutes
Players Stats for Monarchs
Player Name G A P +/- PIM S H SB GA TA FO MP PP MP PK MP
------------------------------------------------------------------------------------
Aleksander Barkov 1 0 1 -2 2 8 1 1 1 0 12/30 19:31 1:55 0:00
Brayden Point 0 0 0 -1 0 1 1 2 0 0 6/13 16:32 2:35 0:00
Brendan Lemieux 0 0 0 -2 0 0 0 0 0 0 0/1 12:28 0:58 0:00
Chrstian Dvorak 0 0 0 0 0 1 0 0 0 0 0/0 8:28 0:00 0:00
Damon Severson 0 1 1 -1 0 4 1 1 1 0 0/0 21:06 3:32 0:00
Elias Lindholm 0 0 0 0 0 0 2 0 1 0 1/2 8:57 0:00 0:29
Eric Gustafsson 0 0 0 -1 0 0 0 0 0 0 0/0 15:57 3:32 0:00
Gustav Forsling 0 0 0 -1 0 0 0 1 0 0 0/0 6:55 0:00 0:00
Jimmy Hayes 0 0 0 -1 0 5 3 2 1 1 2/5 16:27 0:00 2:24
Joel Vermin 0 0 0 0 0 0 0 0 0 0 0/0 9:38 0:00 0:49
Josh Morrissey 0 0 0 -2 0 0 4 0 0 1 0/0 17:50 0:58 2:32
Keith Yandle 0 0 0 -2 0 2 2 0 0 0 0/0 16:09 0:00 1:26
Mark Stone 0 1 1 -2 0 0 3 0 0 1 1/2 19:26 1:55 0:00
Max Domi 0 0 0 -2 0 7 0 0 2 0 0/2 20:27 2:35 0:43
Mike Amadio 0 0 0 -2 0 1 0 0 0 0 2/7 14:02 0:00 2:26
Nikolaj Ehlers 1 0 1 -1 2 2 1 0 2 0 1/1 16:13 1:55 0:00
Robert Hagg 0 0 0 -1 0 1 0 0 0 0 0/0 14:09 0:00 1:26
Seth Helgeson 0 1 1 -1 0 0 0 0 0 1 0/0 6:55 0:00 0:00
Tom Wilson 0 0 0 -2 0 2 5 0 2 0 0/1 14:49 2:35 1:05
Zach Trotman 0 0 0 -1 0 2 2 1 0 1 0/0 20:01 0:00 2:32
Players Stats for Thunder
Player Name G A P +/- PIM S H SB GA TA FO MP PP MP PK MP
------------------------------------------------------------------------------------
Artur Gavrus 0 0 0 0 0 0 0 0 0 0 0/0 0:00 0:00 0:00
Austin Poganski 0 1 1 3 0 1 2 0 0 0 0/0 12:42 0:01 0:00
Austin Wuthrich 0 0 0 0 0 2 1 0 0 0 3/3 18:51 1:54 0:00
Colby Cave 0 0 0 0 0 0 0 0 0 0 0/0 0:42 0:01 0:00
Dany Roussin 1 0 1 2 0 4 0 0 1 0 1/3 21:56 2:03 3:07
David Wolf 0 0 0 0 0 3 2 0 0 0 2/2 20:04 1:54 1:13
Derek Forbort 0 0 0 2 2 0 0 3 0 0 0/0 16:13 1:29 0:50
Emil Johansson 0 0 0 0 0 0 0 0 0 1 0/0 7:06 0:00 0:16
Eric Fehr 1 1 2 2 0 5 3 2 0 0 7/7 24:27 2:03 3:07
Gianluca Curcuruto 0 1 1 1 0 1 0 1 0 0 0/0 10:00 0:00 0:00
Jamie McGinn 4 0 4 3 0 8 1 0 1 0 0/1 12:25 0:00 0:00
Jarrod Maidens 0 0 0 0 0 0 0 0 0 0 0/0 0:28 0:00 0:28
Jesper Pettersson 0 0 0 1 0 1 0 0 0 0 0/0 11:58 0:00 1:32
Joey Ryan 0 1 1 2 0 0 0 2 1 4 0/0 26:19 2:29 2:42
Jordan Weal 0 0 0 0 0 0 0 0 0 0 0/0 5:24 0:00 0:16
Mackenze Stewart 0 0 0 0 0 0 0 0 0 0 0/0 6:12 0:00 0:00
Mikko Vainonen 0 2 2 2 4 0 1 3 0 0 0/0 16:16 1:29 0:58
Nikolay Prokhorkin 0 0 0 0 0 0 1 0 0 0 0/0 5:18 0:00 0:10
Peter Andersson 0 1 1 2 0 1 0 1 1 4 0/0 26:19 2:29 2:42
Trevor Lewis 0 0 0 0 0 0 1 1 1 1 7/13 18:51 1:54 0:00
Vincent Dunn 0 0 0 0 0 0 0 0 0 0 0/0 2:08 0:01 0:00
William Karlsson 0 1 1 2 0 4 1 1 0 0 17/31 19:23 2:03 0:39
Zach Stepan 0 3 3 3 0 4 0 0 0 0 2/4 12:25 0:00 0:00
3 Stars
1 - Jamie McGinn (TRO)
2 - Eric Fehr (TRO)
3 - Zach Stepan (TRO)
Power Play
Monarchs - 1 on 3 Attempt(s) - 33.33%
Thunder - 0 on 2 Attempt(s) - 0.00%
Penalty Kill
Monarchs - 2 on 2 Attempt(s) - 100.00%
- Score 0 goal in Penalty Kill
Thunder - 2 on 3 Attempt(s) - 66.67%
- Score 0 goal in Penalty Kill
Team Stat
Monarchs - Hits : 25 - Faceoff Wins : 25 - Blocked Shots : 8 - Penalty Minutes : 4
Thunder - Hits : 13 - Faceoff Wins : 39 - Blocked Shots : 14 - Penalty Minutes : 6
Official
Referees : Unknown
Linesman : Unknown
Game Notes
Jamie McGinn has scored a Hat Trick!
Finance
Level 1 -- Attendance: 1442 (72.10%) -- Ticket Income $57,680
Level 2 -- Attendance: 731 (73.10%) -- Ticket Income $14,620
Total Attendance: 2173 (72.43%)
Total Ticket Income: $72,300
Other Income: $3,615
Total Income: $75,915
Monarchs
5 vs 5 Forward
Center Left Wing Right Wing Time % Phy DF OF
1 Aleksander Barkov Max Domi Mark Stone 35 1 2 2
2 Brayden Point Nikolaj Ehlers Jimmy Hayes 30 1 2 2
3 Mike Amadio Brendan Lemieux Tom Wilson 25 1 2 2
4 Elias Lindholm Chrstian Dvorak Joel Vermin 10 1 2 2
5 vs 5 Defense
Defense Defense Time % Phy DF OF
1 Damon Severson Zach Trotman 35 0 3 2
2 Josh Morrissey Keith Yandle 30 1 3 1
3 Eric Gustafsson Robert Hagg 25 1 3 1
4 Gustav Forsling Seth Helgeson 10 1 3 1
PowerPlay Forward
Center Left Wing Right Wing Time % Phy DF OF
1 Brayden Point Max Domi Tom Wilson 60 0 1 4
2 Aleksander Barkov Nikolaj Ehlers Mark Stone 40 0 1 4
PowerPlay Defense
Defense Defense Time % Phy DF OF
1 Damon Severson Eric Gustafsson 60 0 2 3
2 Josh Morrissey Brendan Lemieux 40 0 2 3
Penalty Kill 4 Players Forward
Center Wing Time % Phy DF OF
1 Jimmy Hayes Mike Amadio 60 1 3 1
2 Tom Wilson Joel Vermin 40 1 3 1
Penalty Kill 4 Players Defense
Defense Defense Time % Phy DF OF
1 Josh Morrissey Zach Trotman 60 1 4 0
2 Keith Yandle Robert Hagg 40 1 4 0
Penalty Kill - 3 Players Forward
Forward Time % Phy DF OF
1 Mike Amadio 60 1 3 1
2 Mark Stone 40 1 3 1
Penalty Kill - 3 Players Defense
Defense Defense Time % Phy DF OF
1 Robert Hagg Zach Trotman 75 1 4 0
2 Josh Morrissey Keith Yandle 25 1 4 0
4 vs 4 Forward
Center Wing Time % Phy DF OF
1 Aleksander Barkov Brayden Point 60 1 2 2
2 Max Domi Tom Wilson 40 1 2 2
4 vs 4 Defense
Defense Defense Time % Phy DF OF
1 Damon Severson Zach Trotman 60 1 2 2
2 Robert Hagg Josh Morrissey 40 1 2 2
Last Minutes Offensive
Center Left Wing Right Wing Defense Defense
Aleksander Barkov Max Domi Mark Stone Damon Severson Eric Gustafsson
Last Minutes Defensive
Center Left Wing Right Wing Defense Defense
Mike Amadio Brendan Lemieux Jimmy Hayes Robert Hagg Zach Trotman
Goaltenders
Starting : Alex Nedeljkovic
Backup : Jason Missiaen
Extra Forwards
Normal : Aleksander Barkov, Mike Amadio, Elias Lindholm - PP : Chrstian Dvorak, Elias Lindholm - PK : Tom Wilson
Extra Defensemen
Normal : Zach Trotman, Damon Severson, Eric Gustafsson - PP : Keith Yandle - PK : Eric Gustafsson, Josh Morrissey
Penalty Shots
Aleksander Barkov, Mark Stone, Brayden Point, Elias Lindholm, Damon Severson
Scratches
Garnet Hathaway (Bruised Left Leg Injury), Colton Sissons (Healthy), Mike Hoffman (Healthy), Nicolas Deslauriers (Healthy), Joe Labate (Healthy)
Valentin Zykov (Right Hip Injury), Nikita Zadorov (Left Forearm Injury), Jeff Petry (Healthy), Andrew O'Brien (Healthy), Anthony Peluso (Healthy)
Thunder
5 vs 5 Forward
Center Left Wing Right Wing Time % Phy DF OF
1 William Karlsson Dany Roussin Eric Fehr 40 1 2 2
2 Trevor Lewis David Wolf Austin Wuthrich 30 1 2 2
3 Zach Stepan Jamie McGinn Austin Poganski 20 1 2 2
4 Jordan Weal Nikolay Prokhorkin Eric Fehr 10 1 2 2
5 vs 5 Defense
Defense Defense Time % Phy DF OF
1 Joey Ryan Peter Andersson 40 1 2 2
2 Derek Forbort Mikko Vainonen 30 1 2 2
3 Gianluca Curcuruto Jesper Pettersson 20 1 2 2
4 Emil Johansson Mackenze Stewart 10 1 2 2
PowerPlay Forward
Center Left Wing Right Wing Time % Phy DF OF
1 William Karlsson Dany Roussin Eric Fehr 60 1 2 2
2 Trevor Lewis David Wolf Austin Wuthrich 40 1 2 2
PowerPlay Defense
Defense Defense Time % Phy DF OF
1 Joey Ryan Peter Andersson 60 1 2 2
2 Derek Forbort Mikko Vainonen 40 1 2 2
Penalty Kill 4 Players Forward
Center Wing Time % Phy DF OF
1 Eric Fehr Dany Roussin 60 1 2 2
2 William Karlsson David Wolf 40 1 2 2
Penalty Kill 4 Players Defense
Defense Defense Time % Phy DF OF
1 Joey Ryan Peter Andersson 60 1 2 2
2 Derek Forbort Mikko Vainonen 40 1 2 2
Penalty Kill - 3 Players Forward
Forward Time % Phy DF OF
1 Eric Fehr 60 1 2 2
2 Dany Roussin 40 1 2 2
Penalty Kill - 3 Players Defense
Defense Defense Time % Phy DF OF
1 Joey Ryan Peter Andersson 60 1 2 2
2 Derek Forbort Mikko Vainonen 40 1 2 2
4 vs 4 Forward
Center Wing Time % Phy DF OF
1 Eric Fehr Dany Roussin 60 1 2 2
2 William Karlsson David Wolf 40 1 2 2
4 vs 4 Defense
Defense Defense Time % Phy DF OF
1 Joey Ryan Peter Andersson 60 1 2 2
2 Derek Forbort Mikko Vainonen 40 1 2 2
Last Minutes Offensive
Center Left Wing Right Wing Defense Defense
William Karlsson Dany Roussin Eric Fehr Joey Ryan Peter Andersson
Last Minutes Defensive
Center Left Wing Right Wing Defense Defense
William Karlsson Dany Roussin Eric Fehr Joey Ryan Peter Andersson
Goaltenders
Starting : Niklas Treutle
Backup : Jussi Rynnas
Extra Forwards
Normal : Vincent Dunn, Colby Cave, Jarrod Maidens - PP : Vincent Dunn, Colby Cave - PK : Jarrod Maidens
Extra Defensemen
Normal : Gianluca Curcuruto, Jesper Pettersson, Emil Johansson - PP : Gianluca Curcuruto - PK : Jesper Pettersson, Emil Johansson
Penalty Shots
Eric Fehr, Dany Roussin, William Karlsson, David Wolf, Trevor Lewis
Scratches
None
% Time on Ice - Monarchs
Lines # - Real PCT - Wanted PCT - Time Play
Normal Forward
1 - 33% - 35% - 17:15
2 - 28% - 30% - 14:19
3 - 22% - 25% - 11:30
4 - 16% - 10% - 8:28
Normal Defense
1 - 34% - 35% - 17:34
2 - 29% - 30% - 14:43
3 - 24% - 25% - 12:20
4 - 13% - 10% - 6:55
PP Forward
1 - 57% - 60% - 2:35
2 - 43% - 40% - 1:55
PP Defense
1 - 79% - 60% - 3:32
2 - 21% - 40% - 0:58
PK Forward
1 - 79% - 60% - 3:09
2 - 21% - 40% - 0:49
PK Defense
1 - 64% - 60% - 2:32
2 - 36% - 40% - 1:26
PK3 Forward
1 - 0% - 60%
2 - 0% - 40%
PK3 Defense
1 - 0% - 75%
2 - 0% - 25%
44 Forward
1 - 0% - 60%
2 - 0% - 40%
44 Defense
1 - 0% - 60%
2 - 0% - 40%
Last Minute Offensive - 0:00
Last Minute Defensive - 0:00
Total
Forward - 60:00
Defense - 60:00
|
% Time on Ice - Thunder
Lines # - Real PCT - Wanted PCT - Time Play
Normal Forward
1 - 34% - 40% - 17:23
2 - 33% - 30% - 16:57
3 - 24% - 20% - 12:25
4 - 9% - 10% - 4:47
Normal Defense
1 - 41% - 40% - 21:08
2 - 28% - 30% - 14:12
3 - 19% - 20% - 10:00
4 - 12% - 10% - 6:12
PP Forward
1 - 52% - 60% - 2:04
2 - 48% - 40% - 1:54
PP Defense
1 - 63% - 60% - 2:29
2 - 37% - 40% - 1:29
PK Forward
1 - 86% - 60% - 3:51
2 - 14% - 40% - 0:39
PK Defense
1 - 60% - 60% - 2:42
2 - 40% - 40% - 1:48
PK3 Forward
1 - 0% - 60%
2 - 0% - 40%
PK3 Defense
1 - 0% - 60%
2 - 0% - 40%
44 Forward
1 - 0% - 60%
2 - 0% - 40%
44 Defense
1 - 0% - 60%
2 - 0% - 40%
Last Minute Offensive - 0:00
Last Minute Defensive - 0:00
Total
Forward - 60:00
Defense - 60:00
|
Play-by-Play
1st period
0:01 of 1st period - Aleksander Barkov wins face-off versus William Karlsson in neutral zone.
0:04 of 1st period - Slapshot by Mark Stone.
0:04 of 1st period - Deflect By Max Domi.
0:04 of 1st period - Shot Misses the Net.
0:04 of 1st period - Puck is out of play.
0:05 of 1st period - William Karlsson wins face-off versus Aleksander Barkov in Thunder zone.
0:16 of 1st period - Snap shot by Eric Fehr.
0:16 of 1st period - Stopped by Alex Nedeljkovic with a rebound.
0:18 of 1st period - Slapshot by Joey Ryan.
0:18 of 1st period - Deflect By Eric Fehr.
0:18 of 1st period - Shot Blocked by Zach Trotman.
0:18 of 1st period - Puck is out of play.
0:19 of 1st period - Trevor Lewis wins face-off versus Brayden Point in Monarchs zone.
0:28 of 1st period - David Wolf is hit by Keith Yandle and loses puck.
0:45 of 1st period - Trevor Lewis is hit by Elias Lindholm and loses puck.
1:08 of 1st period - Wrist shot by Tom Wilson.
1:08 of 1st period - Deflect By Brendan Lemieux.
1:08 of 1st period - Shot Misses the Net.
1:08 of 1st period - Puck is out of play.
1:09 of 1st period - Mike Amadio wins face-off versus Zach Stepan in Thunder zone.
1:28 of 1st period - Mike Amadio is hit by Jamie McGinn and loses puck.
1:33 of 1st period - Slapshot by Jamie McGinn.
1:33 of 1st period - Goal by Jamie McGinn - Monarchs : 0 - Thunder : 1.
1:34 of 1st period - William Karlsson wins face-off versus Aleksander Barkov in neutral zone.
1:39 of 1st period - Snap shot by Dany Roussin.
1:39 of 1st period - Stopped by Alex Nedeljkovic with a rebound.
1:59 of 1st period - Peter Andersson is hit by Damon Severson and loses puck.
3:06 of 1st period - Wrist shot by Eric Fehr.
3:06 of 1st period - Shot Misses the Net.
3:18 of 1st period - Jamie McGinn is hit by Josh Morrissey and loses puck.
3:37 of 1st period - Snap shot by Aleksander Barkov.
3:37 of 1st period - Shot Misses the Net.
3:39 of 1st period - Slapshot by Zach Trotman.
3:39 of 1st period - Shot Blocked by Gianluca Curcuruto.
4:15 of 1st period - Mikko Vainonen is hit by Tom Wilson and loses puck.
4:26 of 1st period - Slapshot by Jimmy Hayes.
4:26 of 1st period - Shot Misses the Net.
4:34 of 1st period - Slapshot by Jimmy Hayes.
4:34 of 1st period - Shot Misses the Net.
4:51 of 1st period - Wrist shot by Jamie McGinn.
4:51 of 1st period - Goal by Jamie McGinn - Monarchs : 0 - Thunder : 2.
4:52 of 1st period - William Karlsson wins face-off versus Aleksander Barkov in neutral zone.
5:03 of 1st period - Snap shot by William Karlsson.
5:03 of 1st period - Stopped by Alex Nedeljkovic without a rebound.
5:04 of 1st period - Eric Fehr wins face-off versus Brayden Point in Monarchs zone.
5:07 of 1st period - Slapshot by Eric Fehr.
5:07 of 1st period - Shot Misses the Net.
5:30 of 1st period - Keith Yandle is hit by Austin Wuthrich and loses puck.
6:04 of 1st period - Wrist shot by Tom Wilson.
6:04 of 1st period - Shot Misses the Net.
6:20 of 1st period - Jamie McGinn is hit by Jimmy Hayes and loses puck.
6:39 of 1st period - Snap shot by Zach Stepan.
6:39 of 1st period - Shot Misses the Net.
6:41 of 1st period - Wrist shot by Jamie McGinn.
6:41 of 1st period - Stopped by Alex Nedeljkovic with a rebound.
6:43 of 1st period - Slapshot by Gianluca Curcuruto.
6:43 of 1st period - Stopped by Alex Nedeljkovic with a rebound.
7:16 of 1st period - Snap shot by Zach Stepan.
7:16 of 1st period - Stopped by Alex Nedeljkovic with a rebound.
7:18 of 1st period - Slapshot by Jesper Pettersson.
7:18 of 1st period - Shot Blocked by Jimmy Hayes.
7:20 of 1st period - Snap shot by Jamie McGinn.
7:20 of 1st period - Shot Blocked by Jimmy Hayes.
7:44 of 1st period - Slapshot by Jamie McGinn.
7:44 of 1st period - Deflect By Zach Stepan.
7:44 of 1st period - Stopped by Alex Nedeljkovic with a rebound.
7:46 of 1st period - Slapshot by Jesper Pettersson.
7:46 of 1st period - Stopped by Alex Nedeljkovic with a rebound.
8:18 of 1st period - Snap shot by Zach Stepan.
8:18 of 1st period - Shot Misses the Net.
8:42 of 1st period - Slapshot by Zach Stepan.
8:42 of 1st period - Shot Misses the Net.
8:44 of 1st period - Slapshot by Gianluca Curcuruto.
8:44 of 1st period - Shot Misses the Net.
8:46 of 1st period - Slapshot by Gianluca Curcuruto.
8:46 of 1st period - Shot Blocked by Gustav Forsling.
8:56 of 1st period - Wrist shot by Jamie McGinn.
8:56 of 1st period - Goal by Jamie McGinn - Monarchs : 0 - Thunder : 3.
8:57 of 1st period - William Karlsson wins face-off versus Aleksander Barkov in neutral zone.
9:45 of 1st period - Wrist shot by Tom Wilson.
9:45 of 1st period - Shot Blocked by Joey Ryan.
9:47 of 1st period - Snap shot by Robert Hagg.
9:47 of 1st period - Stopped by Niklas Treutle without a rebound.
9:48 of 1st period - Austin Wuthrich wins face-off versus Mike Amadio in Thunder zone.
10:17 of 1st period - Snap shot by Max Domi.
10:17 of 1st period - Deflect By Aleksander Barkov.
10:17 of 1st period - Stopped by Niklas Treutle with a rebound.
10:19 of 1st period - Wrist shot by Aleksander Barkov.
10:19 of 1st period - Stopped by Niklas Treutle with a rebound.
10:23 of 1st period - Slapshot by Aleksander Barkov.
10:23 of 1st period - Stopped by Niklas Treutle with a rebound.
10:35 of 1st period - Slapshot by Zach Trotman.
10:35 of 1st period - Shot Blocked by Mikko Vainonen.
10:37 of 1st period - Slapshot by Zach Trotman.
10:37 of 1st period - Stopped by Niklas Treutle with a rebound.
10:39 of 1st period - Slapshot by Damon Severson.
10:39 of 1st period - Stopped by Niklas Treutle with a rebound.
10:43 of 1st period - Wrist shot by Elias Lindholm.
10:43 of 1st period - Deflect By Chrstian Dvorak.
10:43 of 1st period - Shot Misses the Net.
10:43 of 1st period - Puck is out of play.
10:44 of 1st period - William Karlsson wins face-off versus Max Domi in Thunder zone.
11:03 of 1st period - Trevor Lewis is hit by Zach Trotman and loses puck.
11:26 of 1st period - Snap shot by Damon Severson.
11:26 of 1st period - Stopped by Niklas Treutle with a rebound.
12:58 of 1st period - Eric Fehr is hit by Elias Lindholm.
13:08 of 1st period - Jimmy Hayes is hit by David Wolf and loses puck.
14:53 of 1st period - Minor Penalty to Mikko Vainonen for Interference.
14:54 of 1st period - Eric Fehr wins face-off versus Brayden Point in Thunder zone.
15:03 of 1st period - Backhand shot by Max Domi.
15:03 of 1st period - Shot Misses the Net.
15:25 of 1st period - Slapshot by Aleksander Barkov.
15:25 of 1st period - Deflect By Joey Ryan.
15:25 of 1st period - Goal by Aleksander Barkov - Monarchs : 1 - Thunder : 3.
15:26 of 1st period - Trevor Lewis wins face-off versus Aleksander Barkov in neutral zone.
15:33 of 1st period - Slapshot by David Wolf.
15:33 of 1st period - Shot Misses the Net.
15:35 of 1st period - Slapshot by Austin Wuthrich.
15:35 of 1st period - Stopped by Alex Nedeljkovic with a rebound.
15:51 of 1st period - Mike Amadio is hit by William Karlsson and loses puck.
16:18 of 1st period - Wrist shot by Jimmy Hayes.
16:18 of 1st period - Stopped by Niklas Treutle with a rebound.
16:20 of 1st period - Slapshot by Jimmy Hayes.
16:20 of 1st period - Shot Misses the Net.
17:12 of 1st period - Snap shot by William Karlsson.
17:12 of 1st period - Stopped by Alex Nedeljkovic without a rebound.
17:13 of 1st period - William Karlsson wins face-off versus Mike Amadio in Monarchs zone.
17:31 of 1st period - Snap shot by Tom Wilson.
17:31 of 1st period - Shot Blocked by Peter Andersson.
17:34 of 1st period - Icing by Peter Andersson.
17:35 of 1st period - William Karlsson wins face-off versus Aleksander Barkov in Thunder zone.
17:37 of 1st period - Icing by Dany Roussin.
17:38 of 1st period - Aleksander Barkov wins face-off versus William Karlsson in Thunder zone.
17:39 of 1st period - Snap shot by Max Domi.
17:39 of 1st period - Stopped by Niklas Treutle without a rebound.
17:40 of 1st period - Aleksander Barkov wins face-off versus William Karlsson in Thunder zone.
18:41 of 1st period - Wrist shot by Elias Lindholm.
18:41 of 1st period - Deflect By Chrstian Dvorak.
18:41 of 1st period - Stopped by Niklas Treutle with a rebound.
18:43 of 1st period - Slapshot by Damon Severson.
18:43 of 1st period - Stopped by Niklas Treutle without a rebound.
18:44 of 1st period - Trevor Lewis wins face-off versus Elias Lindholm in Thunder zone.
18:57 of 1st period - Wrist shot by David Wolf.
18:57 of 1st period - Shot Misses the Net.
18:59 of 1st period - Wrist shot by David Wolf.
18:59 of 1st period - Stopped by Alex Nedeljkovic without a rebound.
19:00 of 1st period - Mark Stone wins face-off versus William Karlsson in Monarchs zone.
19:05 of 1st period - Slapshot by Zach Trotman.
19:05 of 1st period - Shot Blocked by Eric Fehr.
19:07 of 1st period - Snap shot by Mark Stone.
19:07 of 1st period - Shot Blocked by Eric Fehr.
19:09 of 1st period - Slapshot by Zach Trotman.
19:09 of 1st period - Shot Blocked by Joey Ryan.
19:11 of 1st period - Wrist shot by Max Domi.
19:11 of 1st period - Stopped by Niklas Treutle with a rebound.
19:13 of 1st period - Snap shot by Mark Stone.
19:13 of 1st period - Shot Misses the Net.
19:15 of 1st period - Snap shot by Aleksander Barkov.
19:15 of 1st period - Stopped by Niklas Treutle without a rebound.
19:16 of 1st period - Trevor Lewis wins face-off versus Brayden Point in Thunder zone.
19:42 of 1st period - Eric Fehr is hit by Mark Stone and loses puck.
Goals for this period are 1 for Monarchs vs 3 for Thunder.
Shots for this period are 14 for Monarchs vs 14 for Thunder.
2nd period
0:01 of 2nd period - Aleksander Barkov wins face-off versus William Karlsson in neutral zone.
0:03 of 2nd period - Minor Penalty to Aleksander Barkov for Slashing.
0:04 of 2nd period - William Karlsson wins face-off versus Jimmy Hayes in Monarchs zone.
0:37 of 2nd period - Off-side.
0:38 of 2nd period - Jimmy Hayes wins face-off versus William Karlsson in neutral zone.
0:47 of 2nd period - Robert Hagg is hit by Trevor Lewis and loses puck.
1:14 of 2nd period - Slapshot by Zach Trotman.
1:14 of 2nd period - Stopped by Niklas Treutle with a rebound.
1:16 of 2nd period - Snap shot by Tom Wilson.
1:16 of 2nd period - Deflect By Eric Fehr.
1:16 of 2nd period - Shot Blocked by Mikko Vainonen.
1:16 of 2nd period - Puck is out of play.
1:17 of 2nd period - William Karlsson wins face-off versus Jimmy Hayes in Thunder zone.
1:22 of 2nd period - Slapshot by Peter Andersson.
1:22 of 2nd period - Stopped by Alex Nedeljkovic without a rebound.
1:23 of 2nd period - Eric Fehr wins face-off versus Jimmy Hayes in Monarchs zone.
2:03 of 2nd period - Penalty to Aleksander Barkov is over, Aleksander Barkov is back on ice.
2:14 of 2nd period - Snap shot by Max Domi.
2:14 of 2nd period - Shot Misses the Net.
2:16 of 2nd period - Snap shot by Mark Stone.
2:16 of 2nd period - Shot Blocked by Derek Forbort.
2:20 of 2nd period - Snap shot by Mark Stone.
2:20 of 2nd period - Shot Misses the Net.
2:22 of 2nd period - Slapshot by Robert Hagg.
2:22 of 2nd period - Shot Misses the Net.
2:41 of 2nd period - Slapshot by Elias Lindholm.
2:41 of 2nd period - Shot Misses the Net.
2:49 of 2nd period - Dany Roussin is hit by Tom Wilson and loses puck.
3:04 of 2nd period - Austin Wuthrich is hit by Mark Stone and loses puck.
3:21 of 2nd period - Wrist shot by Jamie McGinn.
3:21 of 2nd period - Stopped by Alex Nedeljkovic without a rebound.
3:22 of 2nd period - Brayden Point wins face-off versus Zach Stepan in Monarchs zone.
3:22 of 2nd period - Brayden Point is hit by Austin Poganski.
3:44 of 2nd period - Wrist shot by Jimmy Hayes.
3:44 of 2nd period - Stopped by Niklas Treutle without a rebound.
3:45 of 2nd period - Aleksander Barkov wins face-off versus William Karlsson in Thunder zone.
3:48 of 2nd period - Slapshot by Aleksander Barkov.
3:48 of 2nd period - Shot Misses the Net.
3:54 of 2nd period - Wrist shot by Aleksander Barkov.
3:54 of 2nd period - Shot Misses the Net.
3:56 of 2nd period - Snap shot by Mark Stone.
3:56 of 2nd period - Shot Misses the Net.
3:58 of 2nd period - Slapshot by Keith Yandle.
3:58 of 2nd period - Stopped by Niklas Treutle without a rebound.
3:59 of 2nd period - William Karlsson wins face-off versus Mike Amadio in Thunder zone.
3:59 of 2nd period - William Karlsson is hit by Keith Yandle.
4:49 of 2nd period - Josh Morrissey is hit by Eric Fehr and loses puck.
5:26 of 2nd period - William Karlsson is hit by Josh Morrissey and loses puck.
6:12 of 2nd period - Off-side.
6:13 of 2nd period - Eric Fehr wins face-off versus Brayden Point in neutral zone.
6:16 of 2nd period - Snap shot by Joey Ryan.
6:16 of 2nd period - Shot Misses the Net.
6:18 of 2nd period - Slapshot by Peter Andersson.
6:18 of 2nd period - Shot Misses the Net.
6:20 of 2nd period - Snap shot by William Karlsson.
6:20 of 2nd period - Shot Misses the Net.
6:22 of 2nd period - Snap shot by Peter Andersson.
6:22 of 2nd period - Deflect By William Karlsson.
6:22 of 2nd period - Stopped by Alex Nedeljkovic without a rebound.
6:23 of 2nd period - David Wolf wins face-off versus Aleksander Barkov in Monarchs zone.
7:07 of 2nd period - Snap shot by Tom Wilson.
7:07 of 2nd period - Stopped by Niklas Treutle with a rebound.
7:09 of 2nd period - Backhand shot by Mike Amadio.
7:09 of 2nd period - Shot Blocked by Mikko Vainonen.
7:11 of 2nd period - Snap shot by Mike Amadio.
7:11 of 2nd period - Stopped by Niklas Treutle with a rebound.
7:13 of 2nd period - Wrist shot by Tom Wilson.
7:13 of 2nd period - Stopped by Niklas Treutle with a rebound.
7:29 of 2nd period - Slapshot by Elias Lindholm.
7:29 of 2nd period - Shot Blocked by Derek Forbort.
7:45 of 2nd period - Gianluca Curcuruto is hit by Mark Stone.
7:47 of 2nd period - Wrist shot by Trevor Lewis.
7:47 of 2nd period - Shot Misses the Net.
8:43 of 2nd period - Dany Roussin is hit by Tom Wilson and loses puck.
9:10 of 2nd period - Wrist shot by Jamie McGinn.
9:10 of 2nd period - Deflect By Zach Stepan.
9:10 of 2nd period - Shot Misses the Net.
9:10 of 2nd period - Puck is out of play.
9:11 of 2nd period - Elias Lindholm wins face-off versus Jamie McGinn in Monarchs zone.
9:43 of 2nd period - Snap shot by Trevor Lewis.
9:43 of 2nd period - Shot Misses the Net.
10:28 of 2nd period - Icing by David Wolf.
10:29 of 2nd period - Austin Wuthrich wins face-off versus Aleksander Barkov in Thunder zone.
10:36 of 2nd period - Slapshot by David Wolf.
10:36 of 2nd period - Stopped by Alex Nedeljkovic without a rebound.
10:37 of 2nd period - William Karlsson wins face-off versus Max Domi in Monarchs zone.
10:40 of 2nd period - Wrist shot by Eric Fehr.
10:40 of 2nd period - Stopped by Alex Nedeljkovic with a rebound.
10:42 of 2nd period - Wrist shot by Dany Roussin.
10:42 of 2nd period - Stopped by Alex Nedeljkovic without a rebound.
10:43 of 2nd period - Aleksander Barkov wins face-off versus William Karlsson in Monarchs zone.
11:10 of 2nd period - Austin Wuthrich is hit by Jimmy Hayes and loses puck.
11:15 of 2nd period - Snap shot by Nikolaj Ehlers.
11:15 of 2nd period - Stopped by Niklas Treutle without a rebound.
11:16 of 2nd period - Brayden Point wins face-off versus Trevor Lewis in Thunder zone.
11:31 of 2nd period - Snap shot by David Wolf.
11:31 of 2nd period - Shot Misses the Net.
11:43 of 2nd period - Snap shot by Max Domi.
11:43 of 2nd period - Stopped by Niklas Treutle with a rebound.
12:09 of 2nd period - Tom Wilson is hit by Austin Poganski and loses puck.
12:53 of 2nd period - Wrist shot by Jimmy Hayes.
12:53 of 2nd period - Stopped by Niklas Treutle without a rebound.
12:54 of 2nd period - William Karlsson wins face-off versus Aleksander Barkov in Thunder zone.
13:48 of 2nd period - Snap shot by Elias Lindholm.
13:48 of 2nd period - Shot Misses the Net.
13:50 of 2nd period - Wrist shot by Chrstian Dvorak.
13:50 of 2nd period - Shot Misses the Net.
13:52 of 2nd period - Snap shot by Chrstian Dvorak.
13:52 of 2nd period - Deflect By Joel Vermin.
13:52 of 2nd period - Shot Misses the Net.
13:52 of 2nd period - Puck is out of play.
13:53 of 2nd period - Aleksander Barkov wins face-off versus Trevor Lewis in Thunder zone.
13:57 of 2nd period - Icing by Peter Andersson.
13:58 of 2nd period - Trevor Lewis wins face-off versus Aleksander Barkov in Thunder zone.
14:33 of 2nd period - Robert Hagg is hit by Eric Fehr and loses puck.
15:55 of 2nd period - William Karlsson is hit by Tom Wilson and loses puck.
16:10 of 2nd period - Austin Wuthrich is hit by Nikolaj Ehlers and loses puck.
16:19 of 2nd period - Snap shot by Jimmy Hayes.
16:19 of 2nd period - Deflect By Austin Wuthrich.
16:19 of 2nd period - Shot Blocked by Trevor Lewis.
16:19 of 2nd period - Puck is out of play.
16:20 of 2nd period - Zach Stepan wins face-off versus Aleksander Barkov in Thunder zone.
16:29 of 2nd period - Snap shot by Zach Stepan.
16:29 of 2nd period - Stopped by Alex Nedeljkovic without a rebound.
16:30 of 2nd period - Zach Stepan wins face-off versus Aleksander Barkov in Monarchs zone.
16:31 of 2nd period - Slapshot by Jamie McGinn.
16:31 of 2nd period - Deflect By Austin Poganski.
16:31 of 2nd period - Stopped by Alex Nedeljkovic with a rebound.
16:33 of 2nd period - Slapshot by Jamie McGinn.
16:33 of 2nd period - Stopped by Alex Nedeljkovic without a rebound.
16:34 of 2nd period - Aleksander Barkov wins face-off versus William Karlsson in Monarchs zone.
17:09 of 2nd period - Wrist shot by Austin Wuthrich.
17:09 of 2nd period - Stopped by Alex Nedeljkovic with a rebound.
18:15 of 2nd period - Slapshot by Joey Ryan.
18:15 of 2nd period - Deflect By Eric Fehr.
18:15 of 2nd period - Goal by Eric Fehr - Monarchs : 1 - Thunder : 4.
18:16 of 2nd period - Aleksander Barkov wins face-off versus William Karlsson in neutral zone.
18:27 of 2nd period - Wrist shot by Max Domi.
18:27 of 2nd period - Stopped by Niklas Treutle with a rebound.
18:29 of 2nd period - Snap shot by Damon Severson.
18:29 of 2nd period - Stopped by Niklas Treutle with a rebound.
18:31 of 2nd period - Snap shot by Max Domi.
18:31 of 2nd period - Deflect By Aleksander Barkov.
18:31 of 2nd period - Stopped by Niklas Treutle with a rebound.
18:37 of 2nd period - Minor Penalty to Mikko Vainonen for Tripping.
18:38 of 2nd period - Brayden Point wins face-off versus Dany Roussin in Thunder zone.
18:41 of 2nd period - Wrist shot by Tom Wilson.
18:41 of 2nd period - Shot Misses the Net.
19:15 of 2nd period - Wrist shot by Max Domi.
19:15 of 2nd period - Stopped by Niklas Treutle without a rebound.
19:16 of 2nd period - William Karlsson wins face-off versus Tom Wilson in Thunder zone.
19:42 of 2nd period - Icing by Aleksander Barkov.
19:43 of 2nd period - Eric Fehr wins face-off versus Aleksander Barkov in Monarchs zone.
Goals for this period are 0 for Monarchs vs 1 for Thunder.
Shots for this period are 13 for Monarchs vs 11 for Thunder.
3rd period
0:01 of 3rd period - Eric Fehr wins face-off versus Brayden Point in neutral zone.
0:10 of 3rd period - Eric Fehr is hit by Tom Wilson and loses puck.
0:37 of 3rd period - Penalty to Mikko Vainonen is over, Mikko Vainonen is back on ice.
1:14 of 3rd period - Icing by David Wolf.
1:15 of 3rd period - David Wolf wins face-off versus Aleksander Barkov in Thunder zone.
1:15 of 3rd period - David Wolf is hit by Aleksander Barkov.
1:25 of 3rd period - Wrist shot by Austin Wuthrich.
1:25 of 3rd period - Shot Misses the Net.
1:27 of 3rd period - Snap shot by Austin Wuthrich.
1:27 of 3rd period - Shot Misses the Net.
1:29 of 3rd period - Wrist shot by David Wolf.
1:29 of 3rd period - Stopped by Alex Nedeljkovic with a rebound.
1:31 of 3rd period - Wrist shot by Austin Wuthrich.
1:31 of 3rd period - Shot Misses the Net.
1:43 of 3rd period - Snap shot by Austin Wuthrich.
1:43 of 3rd period - Shot Misses the Net.
1:45 of 3rd period - Snap shot by Trevor Lewis.
1:45 of 3rd period - Shot Misses the Net.
1:47 of 3rd period - Slapshot by Trevor Lewis.
1:47 of 3rd period - Shot Misses the Net.
1:49 of 3rd period - Snap shot by Trevor Lewis.
1:49 of 3rd period - Shot Misses the Net.
2:03 of 3rd period - Snap shot by Aleksander Barkov.
2:03 of 3rd period - Stopped by Niklas Treutle with a rebound.
2:25 of 3rd period - Icing by David Wolf.
2:26 of 3rd period - Nikolaj Ehlers wins face-off versus Trevor Lewis in Thunder zone.
2:41 of 3rd period - Snap shot by Jimmy Hayes.
2:41 of 3rd period - Stopped by Niklas Treutle with a rebound.
2:51 of 3rd period - Tom Wilson is hit by Eric Fehr and loses puck.
3:20 of 3rd period - Snap shot by Joel Vermin.
3:20 of 3rd period - Shot Misses the Net.
3:45 of 3rd period - Off-side.
3:46 of 3rd period - Dany Roussin wins face-off versus Mike Amadio in neutral zone.
3:55 of 3rd period - Wrist shot by Dany Roussin.
3:55 of 3rd period - Goal by Dany Roussin - Monarchs : 1 - Thunder : 5.
3:56 of 3rd period - Brayden Point wins face-off versus William Karlsson in neutral zone.
4:49 of 3rd period - Snap shot by Brendan Lemieux.
4:49 of 3rd period - Shot Misses the Net.
4:56 of 3rd period - Minor Penalty to Derek Forbort for Hooking.
4:57 of 3rd period - Eric Fehr wins face-off versus Brayden Point in Thunder zone.
6:55 of 3rd period - Mark Stone is hit by Mikko Vainonen and loses puck.
6:56 of 3rd period - Penalty to Derek Forbort is over, Derek Forbort is back on ice.
7:04 of 3rd period - Wrist shot by Derek Forbort.
7:04 of 3rd period - Shot Misses the Net.
7:33 of 3rd period - Snap shot by Zach Stepan.
7:33 of 3rd period - Stopped by Alex Nedeljkovic without a rebound.
7:34 of 3rd period - Trevor Lewis wins face-off versus Mike Amadio in Monarchs zone.
7:39 of 3rd period - Snap shot by Trevor Lewis.
7:39 of 3rd period - Shot Misses the Net.
8:28 of 3rd period - Minor Penalty to Nikolaj Ehlers for Hooking.
8:29 of 3rd period - Jimmy Hayes wins face-off versus William Karlsson in Monarchs zone.
9:00 of 3rd period - Slapshot by David Wolf.
9:00 of 3rd period - Shot Misses the Net.
10:28 of 3rd period - Penalty to Nikolaj Ehlers is over, Nikolaj Ehlers is back on ice.
10:47 of 3rd period - Snap shot by Nikolaj Ehlers.
10:47 of 3rd period - Goal by Nikolaj Ehlers - Monarchs : 2 - Thunder : 5.
10:48 of 3rd period - William Karlsson wins face-off versus Aleksander Barkov in neutral zone.
10:58 of 3rd period - Icing by Eric Fehr.
10:59 of 3rd period - Aleksander Barkov wins face-off versus William Karlsson in Thunder zone.
11:02 of 3rd period - Snap shot by Max Domi.
11:02 of 3rd period - Shot Misses the Net.
11:26 of 3rd period - Wrist shot by William Karlsson.
11:26 of 3rd period - Shot Blocked by Brayden Point.
11:34 of 3rd period - Snap shot by Jimmy Hayes.
11:34 of 3rd period - Deflect By Brayden Point.
11:34 of 3rd period - Shot Blocked by William Karlsson.
11:34 of 3rd period - Puck is out of play.
11:35 of 3rd period - Austin Wuthrich wins face-off versus Brendan Lemieux in Thunder zone.
11:40 of 3rd period - Snap shot by Tom Wilson.
11:40 of 3rd period - Shot Misses the Net.
12:07 of 3rd period - Off-side.
12:08 of 3rd period - William Karlsson wins face-off versus Aleksander Barkov in neutral zone.
12:11 of 3rd period - Snap shot by Eric Fehr.
12:11 of 3rd period - Stopped by Alex Nedeljkovic with a rebound.
12:17 of 3rd period - William Karlsson is hit by Josh Morrissey.
12:55 of 3rd period - Slapshot by Mikko Vainonen.
12:55 of 3rd period - Shot Blocked by Damon Severson.
12:57 of 3rd period - Wrist shot by Jamie McGinn.
12:57 of 3rd period - Shot Misses the Net.
12:59 of 3rd period - Slapshot by Zach Stepan.
12:59 of 3rd period - Shot Misses the Net.
13:01 of 3rd period - Wrist shot by Austin Poganski.
13:01 of 3rd period - Deflect By Jamie McGinn.
13:01 of 3rd period - Stopped by Alex Nedeljkovic with a rebound.
13:03 of 3rd period - Wrist shot by Mikko Vainonen.
13:03 of 3rd period - Shot Blocked by Brayden Point.
13:05 of 3rd period - Snap shot by Jamie McGinn.
13:05 of 3rd period - Goal by Jamie McGinn - Monarchs : 2 - Thunder : 6.
13:06 of 3rd period - William Karlsson wins face-off versus Mark Stone in neutral zone.
13:31 of 3rd period - Eric Gustafsson is hit by David Wolf and loses puck.
13:39 of 3rd period - Off-side.
13:40 of 3rd period - Aleksander Barkov wins face-off versus William Karlsson in neutral zone.
13:42 of 3rd period - Off-side.
13:43 of 3rd period - Aleksander Barkov wins face-off versus Dany Roussin in neutral zone.
13:48 of 3rd period - Snap shot by Max Domi.
13:48 of 3rd period - Stopped by Niklas Treutle without a rebound.
13:49 of 3rd period - William Karlsson wins face-off versus Aleksander Barkov in Thunder zone.
13:58 of 3rd period - Wrist shot by William Karlsson.
13:58 of 3rd period - Shot Blocked by Aleksander Barkov.
14:00 of 3rd period - Wrist shot by William Karlsson.
14:00 of 3rd period - Stopped by Alex Nedeljkovic with a rebound.
14:02 of 3rd period - Snap shot by Eric Fehr.
14:02 of 3rd period - Stopped by Alex Nedeljkovic with a rebound.
14:04 of 3rd period - Wrist shot by Dany Roussin.
14:04 of 3rd period - Stopped by Alex Nedeljkovic with a rebound.
14:06 of 3rd period - Snap shot by Dany Roussin.
14:06 of 3rd period - Shot Misses the Net.
14:08 of 3rd period - Wrist shot by Dany Roussin.
14:08 of 3rd period - Shot Misses the Net.
15:13 of 3rd period - Wrist shot by Aleksander Barkov.
15:13 of 3rd period - Stopped by Niklas Treutle without a rebound.
15:14 of 3rd period - Brayden Point wins face-off versus Trevor Lewis in Thunder zone.
15:36 of 3rd period - Icing by Joey Ryan.
15:37 of 3rd period - Mike Amadio wins face-off versus Trevor Lewis in Thunder zone.
16:01 of 3rd period - Austin Wuthrich is hit by Josh Morrissey.
16:02 of 3rd period - Icing by Austin Wuthrich.
16:03 of 3rd period - Brayden Point wins face-off versus Trevor Lewis in Thunder zone.
16:48 of 3rd period - David Wolf is hit by Jimmy Hayes and loses puck.
16:54 of 3rd period - Icing by Peter Andersson.
16:55 of 3rd period - Trevor Lewis wins face-off versus Aleksander Barkov in Thunder zone.
16:55 of 3rd period - Trevor Lewis is hit by Zach Trotman.
17:09 of 3rd period - Wrist shot by Max Domi.
17:09 of 3rd period - Stopped by Niklas Treutle with a rebound.
17:31 of 3rd period - Wrist shot by Tom Wilson.
17:31 of 3rd period - Shot Misses the Net.
18:06 of 3rd period - Aleksander Barkov is hit by Nikolay Prokhorkin.
18:26 of 3rd period - Slapshot by Keith Yandle.
18:26 of 3rd period - Stopped by Niklas Treutle with a rebound.
18:44 of 3rd period - Mikko Vainonen is hit by Brayden Point and loses puck.
18:49 of 3rd period - Snap shot by Jimmy Hayes.
18:49 of 3rd period - Stopped by Niklas Treutle with a rebound.
18:51 of 3rd period - Slapshot by Robert Hagg.
18:51 of 3rd period - Shot Blocked by Derek Forbort.
18:53 of 3rd period - Wrist shot by Brayden Point.
18:53 of 3rd period - Stopped by Niklas Treutle with a rebound.
Goals for this period are 1 for Monarchs vs 2 for Thunder.
Shots for this period are 9 for Monarchs vs 9 for Thunder.
Back to the Top